 Dungeon Crawl Stone Soup version 0.18-a0-23-g19353e1 (webtiles) character file.

146447 Raultor the Bludgeoner (level 17, 0/113 HPs)
             Began as a Gargoyle Fighter on Nov 1, 2015.
             Was the Champion of the Shining One.
             Slain by a tentacle (12 damage)
             ... attached to a kraken
             ... on level 2 of the Shoals on Nov 2, 2015.
             The game lasted 02:39:39 (31806 turns).

Raultor the Bludgeoner (Gargoyle Fighter)          Turns: 31806, Time: 02:39:42

Health: 0/113      AC: 33    Str: 25    XL:     17   Next: 44%
Magic:  15/15      EV: 12    Int: 15    God:    the Shining One [******]
Gold:   1327       SH: 15    Dex: 18    Spells: 1 memorised, 15 levels left

rFire  + + .     SeeInvis .     D - +7 flail of Seastu Zukhli {crush, Int+3}
rCold  + + .     Clarity  .     J - +1 chain mail "Vuh Siaf" {rElec rF++ Dex+3}
rNeg   + + +     SustAt   +     c - +0 shield
rPois  ∞         Gourm    .     r - +1 helmet {Int+3}
rElec  +         Spirit   .     (no cloak)
rCorr  .         Warding  +     n - +0 pair of gloves {Dex+3}
rMut   .         Stasis   .     L - +2 pair of boots {run}
MR     ++...                    Z - amulet of warding
Stlth  ..........               M - ring of protection from cold
                                F - ring "Gydym" {SustAt rC+ MR+ MP-9 Dex+3}

@: flying, glowing, quick, very resistant to hostile enchantments, extremely
unstealthy
A: big wings, blurry vision 1, breathe flames 1, clumsy 1, deterioration 1,
negative energy resistance 1, electricity resistance, unbreathing, petrification
resistance, rot immunity, AC +12
a: Stop Flying, Divine Shield, Cleansing Flame, Summon Divine Warrior, Brand
Weapon With Holy Wrath, Renounce Religion, Breathe Fire


You were on level 2 of the Shoals.
You worshipped the Shining One.
The Shining One was exalted by your worship.
You were hungry.

You visited 6 branches of the dungeon, and saw 33 of its levels.
You also visited: Ice Cave.

You collected 2959 gold pieces.
You spent 1632 gold pieces at shops.

Inventory:

Hand Weapons
 B - the +9 war axe of Ziprathru {drain, *Confuse +Rage Dex+3 SInv}
   (You found it on level 2 of the Shoals)

   A truly terrible weapon, it drains the life of those it strikes.
   It affects your dexterity (+3).
   It lets you see invisible.
   It lets you go berserk.
   It may confuse you when you take damage.
   The Shining One disapproves of the use of such an item.
 D - the +7 flail of Seastu Zukhli (weapon) {crush, Int+3}
   (You found it on level 13 of the Dungeon)

   It inflicts extra damage upon your enemies.
   It affects your intelligence (+3).
Armour
 c - a +0 shield (worn)
 n - a +0 pair of gloves of dexterity (worn)
 r - a +1 helmet of intelligence (worn)
 A - a +0 ice dragon armour
 J - the +1 chain mail "Vuh Siaf" (worn) {rElec rF++ Dex+3}
   (You found it on level 2 of the Lair of Beasts)

   It affects your dexterity (+3).
   It greatly protects you from fire.
   It insulates you from electricity.
 L - a +2 pair of boots of running (worn)
Jewellery
 i - an uncursed ring of protection from fire
 m - an uncursed amulet of resist corrosion
 w - a +3 ring of evasion
 F - the ring "Gydym" (left hand) {SustAt rC+ MR+ MP-9 Dex+3}
   (You found it on level 4 of the Lair of Beasts)

   [ring of sustain attributes]

   It sustains your strength, intelligence and dexterity.
   It affects your dexterity (+3).
   It protects you from cold.
   It affects your resistance to hostile enchantments.
   It affects your magic capacity (-9).
 M - a ring of protection from cold (right hand)
 Z - an amulet of warding (around neck)
Wands
 l - a wand of lightning (6)
 s - a wand of digging (8)
 I - a wand of disintegration (15)
 T - a wand of fireball (9)
Scrolls
 b - 5 scrolls of enchant armour
 f - 4 scrolls of identify
 k - 3 scrolls of blinking
 p - 10 scrolls of remove curse
 q - a scroll of fear
 y - 3 scrolls of recharging
 z - 4 scrolls of magic mapping
 H - a scroll of acquirement
 O - 9 scrolls of teleportation
 P - 2 scrolls of enchant weapon
 Q - 3 scrolls of summoning
 X - a scroll of silence
Potions
 d - 3 potions of haste
 j - 9 potions of curing
 t - 2 potions of resistance
 v - 2 potions of might
 x - a potion of magic
 C - a potion of cure mutation
 N - 3 potions of agility
 R - 3 potions of brilliance
 S - 2 potions of berserk rage
 Y - a potion of cancellation
Miscellaneous
 a - a phial of floods
 h - a fan of gales
 E - a crystal ball of energy
 V - a disc of storms
Comestibles
 e - 12 bread rations
 g - 10 slices of pizza
 o - 12 beef jerkies
 u - 13 meat rations
 K - 3 chunks of flesh
 U - 11 royal jellies


   Skills:
 + Level 15.0 Fighting
 - Level 16.1 Maces & Flails
 + Level 12.0 Armour
 + Level 4.9 Dodging
 - Level 15.1 Shields
 * Level 9.6 Invocations
 * Level 8.9 Evocations


You had 15 spell levels left.
You knew the following spells:

 Your Spells              Type           Power        Failure   Level  Hunger
a - Apportation           Tloc           #.........   94%         1    ##.....


Dungeon Overview and Level Annotations

Branches:
Dungeon (15/15)            Temple (1/1) D:7            Lair (8/8) D:10
 Shoals (2/4) Lair:5       Spider (3/4) Lair:3        Slime (0/6) Lair:6
    Orc (4/4) D:9             Elf (0/3) Orc:3        Vaults (0/5) D:14
 Depths (0/5) D:15

Altars:
Ashenzari
Cheibriados
Dithmenos
Elyvilon
Gozag
Kikubaaqudgha
Makhleb
Nemelex Xobeh
Okawaru
Qazlal
Ru
Sif Muna
Trog
Xom
Yredelemnul
Zin
The Shining One
Beogh

Shops:
D:4 *   D:7 *   D:8 (   D:13 (   Orc:4 ***[:   Shoals:1 }

Portals:
Pandemonium: Orc:4

Annotations:
Lair:6 exclusion: 3 oklob plants


Innate Abilities, Weirdness & Mutations

You are resistant to torment.
Your stone body is resilient (AC +12).
You are immune to poison.
Your large and strong wings let you fly indefinitely.
You resist negative energy.
You are resistant to electric shocks.
You can survive without breathing.
You are immune to petrification.
You are immune to rotting.
Scrolls take you a little longer to read.
You can breathe flames.
You are clumsy. (Dex -2)
Your body sometimes deteriorates upon taking damage.


Message History

The tentacle slaps you!
The tentacle slaps you but does no damage.
You thump the kraken!
The kraken is moderately wounded.
You block the kraken's attack. The tentacle completely misses you.
The tentacle barely misses you. The tentacle slaps you.
You thump the kraken!
The kraken is moderately wounded.
You block the tentacle's attack. The tentacle slaps you!
Your body deteriorates!
You feel clumsy for a moment. The tentacle completely misses you.
You block the kraken's attack.
You hit the kraken but do no damage.
The kraken is moderately wounded.
You block the tentacle's attack.
The tentacle slaps you but does no damage.
The tentacle slaps you! The kraken bites you!!
* * * LOW HITPOINT WARNING * * *
The tentacle slaps you!
You die...

########################
≈≈≈≈≈≈≈≈≈≈≈≈≈≈≈≈≈≈≈≈≈≈≈≈
≈≈≈≈≈≈≈≈≈≈≈≈≈≈≈≈≈≈≈≈≈≈≈≈
≈≈≈≈≈≈≈≈≈≈≈≈≈≈≈≈≈≈≈≈≈≈≈≈
≈≈≈≈≈≈w≈w≈≈≈≈≈≈≈≈≈≈≈≈≈≈≈
≈≈≈≈≈≈X@≈≈≈≈≈≈≈≈≈≈≈≈≈≈≈≈
≈≈≈≈≈≈≈≈≈≈≈≈≈≈≈ww≈≈≈≈≈≈≈≈≈≈≈≈≈≈≈≈
≈≈≈≈≈≈≈≈≈≈≈≈≈≈≈≈≈≈≈≈≈≈≈≈≈≈≈≈≈≈≈≈≈
≈≈≈≈≈≈≈≈≈≈≈≈≈≈≈≈≈≈≈≈≈≈≈≈≈≈≈≈≈≈≈≈≈
≈≈≈≈≈≈≈≈≈≈≈≈≈≈≈≈≈≈≈≈≈≈≈≈≈≈≈≈≈≈≈≈≈
≈≈≈≈≈≈≈≈≈≈≈≈≈≈≈≈≈≈≈≈≈≈≈≈≈≈≈≈≈≈≈≈≈
≈P≈≈≈≈≈≈≈≈≈≈≈≈≈≈≈≈≈≈≈≈≈≈≈≈≈.≈≈≈≈≈
P≈≈≈≈≈(≈≈≈≈≈≈≈≈≈≈≈≈≈≈≈≈≈≈≈....≈≈≈
P≈.......≈≈≈≈≈≈.≈≈......≈≈##..≈≈≈


You could see a kraken and 4 tentacles.

Vanquished Creatures
  Arachne (Spider:2)
  Gastronok (Lair:1)
  Frances (Spider:2)
  A ghost moth (Spider:2)
  Aizul (Spider:2)
  An emperor scorpion (Spider:2)
  Nessos (Lair:5)
  Azrael (D:15)
  A yaktaur captain (D:14)
  A fire dragon (Lair:8)
  Josephine (Lair:8)
  The ghost of Mygna the Carver, a journeyman FoFi of Dithmenos (Lair:3)
  Erolcha (D:8)
  A merfolk avatar (Shoals:2)
  8 hydras
  2 ogre magi (D:15)
  2 entropy weavers
  2 tengu warriors (D:15)
  A merfolk aquamancer (Shoals:1)
  A satyr (Shoals:2)
  5 centaur warriors
  3 death yaks (Lair:6)
  Urug (Lair:1)
  5 orc high priests (Orc:4)
  Sonja (Orc:4)
  Nergalle (D:10)
  4 ice devils (IceCv)
  An unseen horror (D:14)
  6 sea snakes
  A giant orange brain (D:11)
  2 putrid demonspawn (Orc:4)
  Pikel (D:7)
  A lindwurm (Lair:8)
  A gelid demonspawn (Orc:4)
  5 orc knights
  3 harpies (Shoals:2)
  11 wolf spiders
  6 hill giants
  3 griffons
  6 manticores
  7 orc sorcerers
  5 ugly things
  7 orb spiders
  A water nymph (Shoals:1)
  A moth of wrath (Spider:2)
  7 black mambas
  2 cyclopes (D:15)
  A hornet (Spider:2)
  The ghost of Raultor the Blocker, a novice GrFi of Okawaru (D:6)
  Maurice (Orc:3)
  Joseph (D:8)
  A smoke demon (Orc:4)
  An ice statue (IceCv)
  2 torpor snails
  A gargoyle (D:10)
  2 centaur skeletons
  21 spiny frogs
  A golden dragon simulacrum (IceCv)
  9 komodo dragons
  4 yaktaurs
  12 demonic crawlers
  7 fire drakes
  2 freezing wraiths
  18 jumping spiders
  An anaconda simulacrum (IceCv)
  A blue devil (Orc:3)
  8 merfolk
  3 wind drakes
  A giant leech (Lair:8)
  Prince Ribbit (D:7)
  8 trolls
  4 two-headed ogres (D:15)
  A snapping turtle (Shoals:2)
  A trapdoor spider zombie (D:12)
  7 blink frogs
  5 boulder beetles
  Sigmund (D:4)
  2 dire elephant simulacra (IceCv)
  6 wraiths
  6 water elementals
  A vampire (D:15)
  3 wyverns
  A deep elf mage (D:15)
  7 trapdoor spiders
  22 redbacks
  2 shadows (D:12)
  14 tarantellas
  A neqoxec (Orc:4)
  5 basilisks
  3 fire elementals (D:15)
  51 yaks
  A chaos spawn (Orc:4)
  A hungry ghost (D:13)
  10 hippogriffs
  Menkaure (D:6)
  A death yak simulacrum (IceCv)
  A soldier ant (D:8)
  Edmund (D:4)
  The ghost of Typee the Insei, an amateur OpTm (D:4)
  3 mottled dragons
  3 iron troll simulacra (IceCv)
  3 hydra simulacra (IceCv)
  7 wolves
  5 harpy simulacra (IceCv)
  Duvessa (D:5)
  20 water moccasins
  13 spiders
  16 porcupines
  4 swamp drakes
  15 ogres
  2 black bears
  4 hell hounds (D:15)
  5 ice beasts
  5 phantoms
  A necrophage (D:13)
  3 sky beasts
  2 wasps
  A slave (D:7)
  An alligator simulacrum (IceCv)
  23 orc warriors
  A boggart (D:14)
  18 centaurs
  16 crocodiles
  4 big kobolds
  27 giant frogs
  2 wyvern skeletons
  Dowan (D:5)
  3 scorpions
  12 killer bees
  4 wights (D:11)
  9 crimson imps
  10 electric eels (D:11)
  7 centaur zombies
  3 draconian simulacra (IceCv)
  3 giant frog zombies
  22 orc wizards
  3 jellies
  2 lava snakes (D:13)
  11 iguanas
  3 giant frog skeletons
  6 hounds
  29 orc priests
  3 spriggan simulacra (IceCv)
  A wolf simulacrum (IceCv)
  16 worker ants
  A killer bee zombie (D:10)
  28 sheep
  5 troll simulacra (IceCv)
  2 polar bear simulacra (IceCv)
  A centaur simulacrum (IceCv)
  2 hound skeletons
  Robin (D:3)
  18 adders
  4 gnolls (D:3)
  56 river rats
  13 white imps
  4 naga simulacra (IceCv)
  An ogre simulacrum (IceCv)
  5 ufetubi (IceCv)
  4 oozes
  An adder skeleton (D:8)
  3 worms
  7 giant geckos
  144 orcs
  5 bats
  9 giant cockroaches
  13 goblins
  9 hobgoblins
  3 quokkas
  2 giant gecko skeletons
  7 giant newts
  15 jackals
  A jackal skeleton (D:5)
  A jackal zombie (D:5)
  26 kobolds
  3 quokka skeletons
  3 rats
  4 rat zombies (D:6)
  A plant (Shoals:2)
  A tentacle (Shoals:2)
1151 creatures vanquished.

Vanquished Creatures (collateral kills)
  An Ice Fiend (IceCv)
  A fire giant (D:15)
  A jumping spider (Spider:2)
  2 two-headed ogres (D:15)
  A trapdoor spider (Spider:2)
  A fire elemental (D:15)
  2 centaurs (D:15)
  An orc priest (Orc:4)
  3 white imps (Spider:1)
13 creatures vanquished.

Vanquished Creatures (others)
  A ghost moth (Spider:2)
  A spider (Spider:2)
  An orc priest (D:11)
  A white imp (Spider:1)
  3 ufetubi (IceCv)
  An orc (D:9)
  2 fungi
  7 plants
  57 tentacle segments (Shoals:2)
74 creatures vanquished.

Grand Total: 1238 creatures vanquished

Notes
Turn   | Place    | Note
--------------------------------------------------------------
     0 | D:1      | Raultor the Gargoyle Fighter began the quest for the Orb.
     0 | D:1      | Reached XP level 1. HP: 14/14 MP: 1/1
    83 | D:1      | Reached XP level 2. HP: 16/19 MP: 2/2
   610 | D:1      | Reached XP level 3. HP: 23/23 MP: 3/3
   916 | D:2      | Reached skill level 4 in Maces & Flails
   916 | D:2      | Reached XP level 4. HP: 28/28 MP: 4/4
  1397 | D:3      | Found a burning altar of Makhleb.
  1478 | D:3      | Noticed Robin
  1511 | D:3      | Killed Robin
  1511 | D:3      | Reached skill level 5 in Maces & Flails
  1511 | D:3      | Reached XP level 5. HP: 25/32 MP: 5/5
  1734 | D:3      | HP: 1/32 [orc priest/divine providence (15)]
  2260 | D:3      | Reached skill level 6 in Maces & Flails
  2260 | D:3      | Reached XP level 6. HP: 37/37 MP: 6/6
  2618 | D:4      | Found Iramitud's General Store.
  2635 | D:4      | Bought a scroll of identify for 22 gold pieces
  2635 | D:4      | Bought a scroll of blinking for 82 gold pieces
  2810 | D:4      | Noticed Typee's ghost (amateur OpTm)
  2832 | D:4      | Killed Typee's ghost
  2832 | D:4      | Reached skill level 7 in Maces & Flails
  2832 | D:4      | Reached XP level 7. HP: 39/41 MP: 7/7
  2892 | D:4      | Noticed Sigmund
  2924 | D:5      | Entered Level 5 of the Dungeon
  3235 | D:5      | Found a shattered altar of Ashenzari.
  3267 | D:5      | Noticed Dowan
  3281 | D:5      | Noticed Duvessa
  3290 | D:5      | Killed Dowan
  3332 | D:5      | Killed Duvessa
  3332 | D:5      | Reached skill level 8 in Maces & Flails
  3332 | D:5      | Reached XP level 8. HP: 15/48 MP: 8/8
  3769 | D:4      | Noticed Edmund
  3801 | D:4      | Killed Edmund
  3801 | D:4      | Reached skill level 5 in Shields
  4048 | D:4      | Killed Sigmund
  4048 | D:4      | Reached skill level 5 in Fighting
  4753 | D:6      | Noticed Menkaure
  4918 | D:6      | Noticed Raultor's ghost (novice GrFi)
  4946 | D:6      | Killed Raultor's ghost
  4946 | D:6      | Reached skill level 5 in Armour
  4946 | D:6      | Reached XP level 9. HP: 14/54 MP: 9/9
  5099 | D:6      | Reached skill level 9 in Maces & Flails
  5128 | D:6      | Killed Menkaure
  5393 | D:6      | Found a sand-covered staircase.
  5588 | D:6      | Found an ancient bone altar of Kikubaaqudgha.
  5684 | D:6      | Identified a +2 pair of boots of running (You found it on level 6 of the Dungeon)
  5907 | D:7      | Found Gozag's Platinum Reserve.
  5926 | D:7      | Found a staircase to the Ecumenical Temple.
  5931 | Temple   | Entered the Ecumenical Temple
  5980 | Temple   | Became a worshipper of the Shining One
  6292 | D:7      | Reached skill level 10 in Maces & Flails
  6292 | D:7      | Reached XP level 10. HP: 50/63 MP: 10/10
  6435 | D:7      | Noticed Prince Ribbit
  6442 | D:7      | Killed Prince Ribbit
  6517 | D:7      | Found an opulent altar of Gozag.
  6638 | D:7      | Noticed Pikel
  6654 | D:7      | Killed Pikel
  6841 | D:8      | Found a basalt altar of Yredelemnul.
  6842 | D:8      | Found a sparkling altar of Nemelex Xobeh.
  6842 | D:8      | Noticed a giant orange brain
  6884 | D:8      | Noticed a wolf spider
  6884 | D:8      | Reached * piety under the Shining One
  6955 | D:8      | Killed a wolf spider
  7223 | D:8      | Noticed Joseph
  7250 | D:8      | Killed Joseph
  7398 | D:8      | Found Oqetweg's Weapon Boutique.
  7399 | D:8      | Noticed Erolcha
  7410 | D:8      | Killed Erolcha
  7410 | D:8      | Reached skill level 11 in Maces & Flails
  7794 | D:8      | Reached skill level 1 in Invocations
  7794 | D:8      | Reached XP level 11. HP: 69/69 MP: 11/11
  7917 | D:9      | Found a sparkling altar of Nemelex Xobeh.
  7994 | D:9      | Found a staircase to the Orcish Mines.
  8171 | D:9      | Found a bloodstained altar of Trog.
  8175 | D:9      | Found a shimmering altar of Xom.
  8574 | Orc:1    | Entered Level 1 of the Orcish Mines
  8618 | D:10     | Entered Level 10 of the Dungeon
  9121 | D:10     | Noticed Nergalle
  9144 | D:10     | Killed Nergalle
  9144 | D:10     | Reached ** piety under the Shining One
  9501 | D:10     | Reached skill level 10 in Shields
  9771 | D:10     | Found a staircase to the Lair.
 10096 | Lair:1   | Entered Level 1 of the Lair of Beasts
 10104 | Lair:1   | Reached skill level 12 in Maces & Flails
 10136 | Lair:1   | Noticed Gastronok
 10166 | Lair:1   | Killed Gastronok
 10166 | Lair:1   | Reached XP level 12. HP: 18/76 MP: 15/15
 10202 | Lair:1   | Reached skill level 5 in Invocations
 11028 | Lair:1   | Noticed Urug
 11045 | Lair:1   | Killed Urug
 11045 | Lair:1   | Reached skill level 10 in Fighting
 11386 | Lair:2   | Noticed a four-headed hydra
 11467 | Lair:2   | Killed a four-headed hydra
 11554 | Lair:2   | Got a scorched chain mail
 11565 | Lair:2   | Identified the cursed +1 chain mail "Vuh Siaf" {rElec rF++ Dex+3} (You found it on level 2 of the Lair of Beasts)
 12117 | Lair:3   | Noticed Mygna's ghost (journeyman FoFi)
 12154 | Lair:3   | Killed Mygna's ghost
 12356 | Lair:3   | Found a hole to the Spider Nest.
 12786 | Lair:3   | Reached XP level 13. HP: 84/84 MP: 17/17
 13536 | Lair:4   | Got a scintillating amber ring
 13538 | Lair:4   | Identified the ring "Gydym" {SustAt rC+ MR+ MP-9 Dex+3} (You found it on level 4 of the Lair of Beasts)
 13678 | Lair:5   | Noticed Nessos
 13708 | Lair:4   | Reached skill level 13 in Shields
 13775 | Lair:5   | Killed Nessos
 14085 | Lair:5   | Found a staircase to the Shoals.
 14816 | Lair:6   | Reached skill level 1 in Evocations
 14896 | Lair:6   | Found a staircase to the Slime Pits.
 15415 | Lair:6   | Gained mutation: You can breathe flames. [potion of beneficial mutation]
 15836 | Lair:7   | Gained mutation: Your large and strong wings let you fly indefinitely. [Gargoyle growth]
 15836 | Lair:7   | Reached XP level 14. HP: 60/92 MP: 9/18
 15904 | Lair:7   | Reached skill level 14 in Shields
 16239 | Lair:7   | Identified a scroll of acquirement
 16537 | Lair:8   | Entered Level 8 of the Lair of Beasts
 16537 | Lair:8   | Noticed Josephine
 16594 | Lair:8   | Killed Josephine
 16661 | Lair:8   | Reached *** piety under the Shining One
 17754 | Lair:8   | Reached skill level 10 in Armour
 19298 | Orc:3    | Found a staircase to the Elven Halls.
 19401 | Orc:3    | Noticed Maurice
 19409 | Orc:3    | Killed Maurice
 19807 | Orc:4    | Entered Level 4 of the Orcish Mines
 19873 | Orc:4    | Reached **** piety under the Shining One
 19925 | Orc:4    | Found a roughly hewn altar of Beogh.
 20045 | Orc:4    | Noticed Sonja
 20251 | Orc:4    | Found Ephe's General Store.
 20252 | Orc:4    | Found Zeecleoja's General Store.
 20330 | Orc:4    | Bought a potion of degeneration for 15 gold pieces
 20333 | Orc:4    | Bought a phial of floods for 720 gold pieces
 20333 | Orc:4    | Bought a scroll of blinking for 135 gold pieces
 20333 | Orc:4    | Bought a scroll of identify for 36 gold pieces
 20344 | Orc:4    | Reached ***** piety under the Shining One
 20450 | Orc:4    | Gained mutation: Scrolls take you a little longer to read. [a neqoxec]
 20451 | Orc:4    | Gained mutation: Your body sometimes deteriorates upon taking damage. [a neqoxec]
 20675 | Orc:4    | Gained mutation: You are clumsy. (Dex -2) [a neqoxec]
 21108 | Orc:4    | Reached skill level 5 in Evocations
 21223 | Orc:4    | Found Mihe Xuupte's Assorted Antiques.
 21232 | Orc:4    | Killed Sonja
 21232 | Orc:4    | Reached skill level 1 in Dodging
 21232 | Orc:4    | Reached XP level 15. HP: 98/98 MP: 10/19
 21246 | Orc:4    | Bought a scroll of identify for 48 gold pieces
 21856 | Orc:4    | Reached skill level 15 in Shields
 21923 | Orc:4    | Found Atixas Kiawe's Book Shop.
 21923 | Orc:4    | Found a one-way gate leading to the halls of Pandemonium.
 21923 | Orc:4    | Found Pireacex's Antique Armour Boutique.
 21927 | Orc:4    | Bought a pair of embroidered gloves for 117 gold pieces
 21927 | Orc:4    | Bought a runed helmet for 117 gold pieces
 23399 | D:12     | Reached ****** piety under the Shining One
 24146 | D:13     | Found Rebryl's Weapon Shoppe.
 24162 | D:13     | Got a steaming flail
 24163 | D:13     | Identified the +7 flail of Seastu Zukhli {crush, Int+3} (You found it on level 13 of the Dungeon)
 24299 | D:14     | Got an encrusted cloak
 24310 | D:14     | Identified the cursed +0 cloak "Jeovig" {rElec} (You found it on level 14 of the Dungeon)
 24573 | D:14     | Found a deep blue altar of Sif Muna.
 24614 | D:14     | Found a gate to the Vaults.
 25019 | D:15     | Entered Level 15 of the Dungeon
 25096 | D:15     | Reached skill level 15 in Maces & Flails
 25179 | D:15     | Noticed Azrael
 25181 | D:15     | Noticed a fire giant
 25181 | D:15     | Found a staircase to the Depths.
 25187 | D:15     | Killed Azrael
 25209 | D:15     | Killed a fire giant
 25346 | D:15     | Reached XP level 16. HP: 54/105 MP: 4/21
 25616 | D:15     | Found a shattered altar of Ashenzari.
 26665 | Spider:1 | Entered Level 1 of the Spider Nest
 27138 | Spider:1 | Found a frozen archway.
 27240 | IceCv    | Entered an ice cave
 27714 | IceCv    | Noticed an Ice Fiend
 27737 | IceCv    | Killed an Ice Fiend
 28546 | Spider:2 | Noticed Frances
 28563 | Spider:2 | Killed Frances
 28739 | Spider:2 | Noticed Aizul
 28760 | Spider:2 | Killed Aizul
 29204 | Spider:2 | Noticed Arachne
 29248 | Spider:2 | HP: 5/107 [boulder beetle (14)]
 29252 | Spider:2 | Killed Arachne
 29252 | Spider:2 | Reached XP level 17. HP: 20/112 MP: 0/23
 29831 | Spider:2 | Reached skill level 16 in Maces & Flails
 30613 | Shoals:1 | Entered Level 1 of the Shoals
 30724 | Shoals:1 | Found Dijeahot's Gadget Shoppe.
 30743 | Shoals:1 | Bought a disc of storms for 340 gold pieces
 31037 | Shoals:1 | Learned a level 1 spell: Apportation
 31518 | Shoals:2 | Upgraded the game from 0.18-a0-19-g8b99b3a to 0.18-a0-23-g19353e1
 31591 | Shoals:2 | Got a scorched war axe
 31592 | Shoals:2 | Identified the +9 war axe of Ziprathru {drain, *Confuse +Rage Dex+3 SInv} (You found it on level 2 of the Shoals)
 31628 | Shoals:2 | Reached skill level 15 in Fighting
 31806 | Shoals:2 | Slain by a tentacle

Vault maps used:
D:1:      roderic_chinese_lattice_arrival, serial_bayou_lagoon_a
D:3:      bloody_makhleb, grunt_ministairs_11, uniq_robin
D:4:      serial_shops, nicolae_shop_stone, first_bread, uniq_sigmund,
          uniq_edmund
D:5:      ashenzari_conservatory_becter, uniq_duvessa
D:6:      lemuel_zombie_altar_kikubaaqudgha, nicolae_ossuary_entry_ruins,
          uniq_menkaure
D:7:      nicolae_gozag_zags_fifth_avenue, minmay_temple_entry_statues_pillars,
          uniq_prince_ribbit1, uniq_pikel
D:8:      serial_shops, nicolae_shop_trees, hangedman_pestilent_swarm,
          jmf_multi_god_temple, uniq_erolcha, uniq_joseph
D:9:      nicolae_overflow_hidden_temple, nemelex_xobeh_ov_fountains_minmay,
          orc_0_dummy, lemuel_flamethrower_2
D:10:     erik_lair_dragon, uniq_nergalle
D:11:     erik_rubicon_b
D:12:     lab_entry_generic
D:13:     serial_shops, shop_statue, disabler_island
D:14:     david_vaults_2, basic_altar
D:15:     grunt_enter_depths_giant_problem, lemuel_round_altar,
          hangedman_decor_points, uniq_azrael
Temple:   circular_temple_pool_12
Lair:1:   statuecave_lemuel, beast_lair_carwin_8, uniq_gastronok, uniq_urug
Lair:2:   hibernation_bobbens, grunt_megastairs_3
Lair:3:   dummy_spider_entry, st_stairs_6
Lair:5:   elwin_shoals_entry_rocks, uniq_nessos
Lair:6:   minmay_slime_entry_oklob_open, beast_lair_carwin_11
Lair:7:   bh_autumn_forest_stairs
Lair:8:   guppyfry_lair_end_dragon, hangedman_lair_in_review, st_stairs_12,
          minivault_27, guppyfry_lair_drakes, uniq_josephine
Shoals:1: serial_shops, nicolae_shop_trees, yaktaur_hedge
Spider:1: portal_ice_cave_entry_imps, nicolae_crawler_farm
Spider:2: nicolae_spider_hall_of_the_moth_king, spider_trap, uniq_arachne,
          uniq_frances, uniq_aizul
Spider:3: uniq_norris
Orc:3:    serial_shops, nicolae_orc_pool_cavern, okawaru_metal_pillars_1_2,
          uniq_maurice, uniq_donald
Orc:4:    pf_orc_diabolical, basic_altar, serial_shops, shop, uniq_sonja
IceCv:    ice_cave_caverns_02

Action                   |  1- 3 |  4- 6 |  7- 9 | 10-12 | 13-15 | 16-18 || total
-------------------------+-------+-------+-------+-------+-------+-------++-------
Melee: Flail             |   128 |    63 |   240 |   717 |  1969 |  1033 ||  4150
       Mace              |       |   231 |   164 |       |       |       ||   395
Throw: Tomahawk          |     1 |       |     5 |     6 |       |       ||    12
Invok: Divine Shield     |       |       |       |     2 |     2 |     1 ||     5
       Summon Divine War |       |       |       |       |     1 |     1 ||     2
 Abil: Breathe Fire      |       |       |       |       |     2 |     1 ||     3
       Fly               |       |       |       |       |     1 |       ||     1
Evoke: Wand              |       |       |       |       |     2 |       ||     2
       Phial of floods   |       |       |       |       |     2 |     2 ||     4
       Fan of gales      |       |       |       |       |       |     1 ||     1
  Use: Scroll            |       |       |     1 |    20 |    15 |     3 ||    39
       Potion            |       |       |     1 |     1 |     3 |     6 ||    11
 Stab: Confused          |       |       |       |       |     1 |       ||     1
  Eat: Chunk             |       |     6 |    10 |    14 |    35 |     8 ||    73
       Beef jerky        |       |     1 |       |       |       |       ||     1
       Pizza             |       |       |     1 |       |       |       ||     1
       Bread ration      |       |       |       |     1 |     1 |     1 ||     3
       Fruit             |       |       |       |       |     3 |    10 ||    13
